 Dungeon Crawl Stone Soup version 0.29-a0-559-g359e09b9d1 (webtiles) character file.

Game seed: 9179215564825730793

4953 Heedrag the Cleaver (level 10, -13/86 HPs)
             Began as a Minotaur Fighter on June 9, 2022.
             Was a Follower of Okawaru.
             Mangled by an orc warlord
             ... wielding a +0 war axe
              (18 damage)
             ... in a bailey.
             The game lasted 00:13:40 (9582 turns).

Heedrag the Cleaver (Minotaur Fighter)              Turns: 9582, Time: 00:13:41

Health: -13/86     AC: 12    Str: 27    XL:     10   Next: 28%
Magic:  10/10      EV: 11    Int:  5    God:    Okawaru [*.....]
Gold:   132        SH:  6    Dex: 14    Spells: 9/9 levels left

rFire   . . .      SeeInvis +   a - +0 war axe
rCold   . . .      Faith    .   c - +0 buckler
rNeg    . . .      Spirit   .   y - +0 chain mail
rPois   .          Reflect  .   (helmet restricted)
rElec   .          Harm     .   (no cloak)
rCorr   .          Rampage  .   q - +0 pair of gloves
Will    .....                   (no boots)
Stlth   ..........              J - amulet of regeneration
HPRegen 1.04/turn               z - ring of see invisible
MPRegen 0.12/turn               x - +6 ring of strength

@: mighty
A: horns 2, retaliatory headbutt
a: Renounce Religion, Heroism


You were in a bailey.
You worshipped Okawaru.
Okawaru was aware of your devotion.
You visited 2 branches of the dungeon, and saw 9 of its levels.
You also visited: Sewer and Bailey.

You collected 495 gold pieces.
You spent 363 gold pieces at shops.

Inventory:

Hand Weapons
 a - a +0 war axe (weapon)
 A - the +12 morningstar of the Fox {freeze, rF+ Int+7}
   (You found it on level 6 of the Dungeon)

   It freezes those it strikes, dealing additional cold damage.
   It can also slow down cold-blooded creatures.
   Int:       It affects your intelligence (+7).
   rF:        It protects you from fire.
Missiles
 g - 16 poisoned darts (quivered)
 B - a throwing net {!f}
Armour
 c - a +0 buckler (worn)
 q - a +0 pair of gloves (worn)
   (You found it on level 4 of the Dungeon)
 y - a +0 chain mail (worn)
   (You took it off an orc on level 5 of the Dungeon)
Jewellery
 e - an amulet of magic regeneration
   (You found it on level 7 of the Dungeon)
 x - a +6 ring of strength (right hand)
   (You found it on level 5 of the Dungeon)
 z - a ring of see invisible (left hand)
   (You found it on level 1 of the Dungeon)
 H - a ring of ice
   (You found it on level 7 of the Dungeon)
 J - an amulet of regeneration (around neck)
   (You bought it in a shop on level 7 of the Dungeon)
Wands
 b - a wand of charming (8)
   (You found it on level 6 of the Dungeon)
 u - a wand of paralysis (3)
   (You took it off Pikel on level 6 of the Dungeon)
 v - a wand of polymorph (12)
   (You found it on level 5 of the Dungeon)
Scrolls
 i - 3 scrolls of identify {@r1}
 j - 7 scrolls of teleportation {@r4}
 k - 4 scrolls of vulnerability {!r}
 o - 2 scrolls of fear
 p - 2 scrolls of poison {!r}
 t - a scroll of immolation {!r}
 C - 2 scrolls of enchant armour
 D - 2 scrolls of fog
 F - 2 scrolls of blinking {unknown}
 K - 2 scrolls of summoning {unknown}
Potions
 d - 3 potions of might
 f - 2 potions of lignification {unknown}
 h - 3 potions of degeneration {unknown}
 l - 5 potions of mutation {unknown}
 m - 6 potions of haste {unknown}
 n - 3 potions of invisibility {unknown}
 r - 2 potions of curing {unknown}
 s - 2 potions of ambrosia {unknown}
 w - a potion of flight {unknown}
 E - a potion of attraction {unknown}
 G - 7 potions of heal wounds {unknown}
 I - 2 potions of resistance {unknown}


   Skills:
 + Level 7.4 Fighting
 * Level 9.8 Axes
 + Level 5.3 Throwing
 + Level 7.7 Armour
 + Level 6.0 Dodging
 + Level 7.6 Shields
 + Level 2.2 Invocations
 + Level 2.1 Evocations


You had 9 spell levels left.
You didn't know any spells.
Your spell library contained the following spells:

 Spells                   Type           Power      Damage    Failure   Level
 Slow                     Hex            0%         N/A       97%         1
 Ensorcelled Hibernation  Hex/Ice        0%         N/A       99%         2
 Passwall                 Tmut/Erth      0%         N/A       99%         2
 Confusing Touch          Hex            0%         N/A       100%        3
 Spider Form              Tmut/Pois      0%         N/A       100%        3
 Swiftness                Air            0%         N/A       100%        3
 Vampiric Draining        Necr           0%         2d6       100%        3
 Anguish                  Hex/Necr       0%         N/A       100%        4


Dungeon Overview and Level Annotations

Branches:
Dungeon (8/15)             Temple (1/1) D:7           Sewer (visited)
 Bailey (1/1)
   Lair: D:8-11

Altars:
Ashenzari
Cheibriados
Dithmenos
Elyvilon
Fedhas
Gozag
Hepliaklqana
Kikubaaqudgha
Makhleb
Nemelex Xobeh
Okawaru
Qazlal
Ru
Sif Muna
Trog
Uskayaw
Vehumet
Wu Jian
Xom
Yredelemnul
The Shining One

Shops:
D:3 [?(*   D:7 =*([?

Annotations:
D:7 3 runed translucent doors, initializr's ghost, novice TeCj


Innate Abilities, Weirdness & Mutations

You have a pair of horns on your head.
You reflexively headbutt those who attack you in melee.


Message History

You kill the goblin!
Okawaru accepts your kill.
You slash the orc!
You kill the orc!
Okawaru accepts your kill.
You feel very mighty all of a sudden. You block the hobgoblin's attack.
You slice the hobgoblin!!
You kill the hobgoblin!
Okawaru accepts your kill. The gnoll hits you but does no damage.
The orc warlord hits you with a +0 war axe!!
There is an open door, spattered with blood here.
Items here: )))) [[[[ †.
You slash the orc warlord! You barely miss the gnoll.
You block the gnoll's attack.
The orc warlord hits you but does no damage.
The orc warlord blocks your attack.
You hit the gnoll. The gnoll hits you with a +0 hand axe.
The orc warlord hits you with a +0 war axe!
Unknown command.
You hit the orc warlord but do no damage.
You headbutt the orc warlord. You slice the gnoll!!
You kill the gnoll!
Okawaru accepts your kill.
The orc warlord hits you with a +0 war axe!
* * * LOW HITPOINT WARNING * * *
The orc warlord blocks your attack.
You feel like a meek peon again. You block the orc warlord's attack.
Unknown command.
You closely miss the orc warlord.
The orc warlord hits you with a +0 war axe!!
* * * LOW HITPOINT WARNING * * *
You hit the orc warlord.
The orc warlord hits you with a +0 war axe!
* * * LOW HITPOINT WARNING * * *
Unknown command.
The orc warlord blocks your attack.
The orc warlord hits you with a +0 war axe!
* * * LOW HITPOINT WARNING * * *
You slash the orc warlord! You headbutt the orc warlord.
You block the orc warlord's attack.
An orc warrior comes into view. It is wielding a +0 war axe.
Unknown command.
Aim: an orc warlord, wielding a +0 war axe, wearing a +3 plate armour of poison resistance and wearing a +0 kite shield (lightly wounded, chance to affect: 21%)
The orc warlord resists with almost no effort.
The orc warrior shouts!
The orc warlord hits you with a +0 war axe!!
You die...

#.........# ##.........##
#######.....⌠.....#######
##.....##).......)##.....##
#......)'........)).......#
##......)##.......##)......##
#.......).#.......#.........#
##.........##88.88##.........##
#.....⌠.....###@###.....⌠.....#
##.........###)o.###.........##
#.........#.......#.........#
##.......##.......##.......##
#.......#.........#.......#
##.....##.........##..)))##
##'####...........####)##
##)))..##.....o...##....)##
#.......# #.......#


You could see an orc warlord and an orc warrior (strong).

Vanquished Creatures
  Pikel (D:6)
  5 yaks (D:8)
  2 water moccasins
  2 sky beasts
  2 black bears
  12 orc warriors (Bailey)
  An ogre (D:4)
  3 lemures (D:6)
  2 centaurs
  A phantom (D:6)
  A kobold brigand (D:6)
  3 bullfrogs
  3 necrophages
  A gnoll sergeant (D:8)
  2 scorpions
  3 hounds
  3 orc priests
  A gnoll shaman (D:6)
  5 jellies
  4 iguanas
  6 orc wizards
  5 adders
  19 gnolls
  6 river rats
  A shadow imp (D:5)
  3 ufetubi
  6 worms
  3 dart slugs
  30 orcs
  8 ball pythons
  11 endoplasms
  11 giant cockroaches
  14 goblins
  15 hobgoblins
  17 jackals
  12 kobolds
  4 quokkas
  A bat (D:1)
  11 frilled lizards
  16 rats
256 creatures vanquished.

Vanquished Creatures (others)
  2 plants (D:1)
2 creatures vanquished.

Grand Total: 258 creatures vanquished

Notes
Turn   | Place    | Note
-------+----------+-------------------------------------------
     0 | D:1      | Heedrag the Minotaur Fighter began the quest for the Orb.
     0 | D:1      | Reached XP level 1. HP: 19/19 MP: 0/0
   301 | D:1      | Reached XP level 2. HP: 27/27 MP: 1/1
   508 | D:1      | Reached skill level 3 in Axes
   553 | D:1      | Found a faded altar of an unknown god.
   560 | D:1      | Got Plato's Volume of Beguiling
  1245 | D:2      | Reached XP level 3. HP: 33/33 MP: 2/2
  1282 | D:2      | Reached skill level 1 in Dodging
  1537 | D:2      | Reached skill level 1 in Throwing
  1644 | D:2      | Noticed a scorpion
  1648 | D:2      | Killed a scorpion
  1649 | D:2      | Reached XP level 4. HP: 38/40 MP: 3/3
  2000 | D:3      | Found Qiatruw's Antique Armour Shoppe.
  2050 | D:3      | Reached skill level 4 in Axes
  2078 | D:3      | Found Qaninue's Assorted Antiques.
  2331 | D:3      | Reached XP level 5. HP: 41/46 MP: 4/4
  2337 | D:3      | Found a glowing drain.
  2347 | Sewer    | Entered a sewer
  2960 | Sewer    | Reached XP level 6. HP: 50/53 MP: 5/5
  2986 | Sewer    | Found a viscous altar of Jiyva.
  3415 | D:3      | Found Doelor's Magic Scroll Shop.
  3415 | D:3      | Found Rozeacw's Antique Weapon Shoppe.
  3423 | D:3      | Bought a scroll of teleportation for 33 gold pieces
  3580 | D:4      | Reached skill level 5 in Axes
  3822 | D:4      | Noticed a water moccasin
  3829 | D:4      | Killed a water moccasin
  3830 | D:4      | Reached skill level 5 in Armour
  3830 | D:4      | Reached XP level 7. HP: 23/60 MP: 6/6
  3831 | D:4      | Reached skill level 5 in Shields
  4252 | D:4      | Reached skill level 5 in Fighting
  4791 | D:5      | Entered Level 5 of the Dungeon
  4849 | D:4      | Reached skill level 6 in Axes
  5349 | D:5      | Reached XP level 8. HP: 62/69 MP: 7/7
  5969 | D:5      | Reached skill level 7 in Axes
  6620 | D:6      | Identified the +12 morningstar of the Fox {freeze, rF+
                  | Int+7}
  6897 | D:6      | Noticed Pikel
  6945 | D:6      | Killed Pikel
  6946 | D:6      | Reached skill level 8 in Axes
  6946 | D:6      | Reached XP level 9. HP: 52/78 MP: 8/8
  7698 | D:7      | Reached skill level 5 in Dodging
  7718 | D:7      | Found Lixtoanu's Assorted Antiques.
  7780 | D:7      | Found a runed translucent gate.
  7781 | D:7      | Found a runed translucent gate.
  7781 | D:7      | Found an opulent altar of Gozag.
  7781 | D:7      | Found a staircase to the Ecumenical Temple.
  7782 | D:7      | Found a runed translucent gate.
  7791 | D:7      | Noticed initializr's ghost (novice TeCj)
  7792 | D:7      | Noticed a boulder beetle
  7829 | Temple   | Entered the Ecumenical Temple
  8063 | Temple   | Became a worshipper of Warmaster Okawaru
  8123 | D:7      | Found Rucvy's Magic Scroll Emporium.
  8207 | D:7      | Found Kyrabb's Armour Boutique.
  8659 | D:7      | Found Vesunt's Jewellery Shoppe.
  8668 | D:7      | Bought an amulet of regeneration for 330 gold pieces
  8753 | D:7      | Found Ciunecan's Weapon Emporium.
  9055 | D:8      | Reached skill level 9 in Axes
  9063 | D:8      | Reached skill level 1 in Invocations
  9063 | D:8      | Reached skill level 1 in Evocations
  9067 | D:8      | Reached * piety under Okawaru
  9068 | D:8      | Reached skill level 5 in Throwing
  9142 | D:8      | Found a flagged portal.
  9157 | Bailey   | Entered a bailey
  9284 | Bailey   | Reached XP level 10. HP: 34/86 MP: 10/10
  9562 | Bailey   | Noticed an orc warlord
  9580 | Bailey   | HP: 3/86 [orc warlord/+0 war axe (10)]
  9582 | Bailey   | Mangled by an orc warlord

Illustrated notes

Levels and vault maps discovered:
D:1:      saegor_arrival_simple_b, layout_basic,
          shapermc_ecumenical_altar_rom_forum
D:2:      layout_basic
D:3:      layout_basic, serial_shops, nicolae_square_shop, shop, shop,
          shop_fountains, portal_sewer_entry_e, roderic_serpentine_path,
          hangedman_decor_clover_reticule, chequers_avenue
D:4:      layout_basic
D:5:      layout_basic, kennysheep_generic_room_13
D:6:      layout_basic, st_stairs_14, uniq_pikel
D:7:      layout_basic, minmay_temple_entry_trees, serial_shops, shop,
          nicolae_lakefront_shop, nicolae_stop_n_shop_1, shop, shop,
          ebering_ghost_gozag, nicolae_concentric_dashed_squares_mild
D:8:      layout_basic, mainiacjoe_overflow_alcove_4, ebering_ghost_xom,
          enter_bailey_2, minmay_misc_feat_square
Temple:   mainiacjoe_temple_archimedes_tessellation
Bailey:   bailey_axe_minmay_hex_keep, bailey

Skill      XL: |  1  2  3  4  5  6  7  8  9 10 |
---------------+-------------------------------+-----
Axes           | 3 4 5 6 8 9 |  9.8
Dodging        | 1 2 3 4 5 6 |  6.0
Throwing       | 1 2 3 4 5 |  5.3
Fighting       | 4 5 6 7 |  7.4
Armour         | 4 5 6 7 |  7.7
Shields        | 4 5 6 7 |  7.6
Invocations    | 1 2 |  2.2
Evocations     | 1 2 |  2.1

Action                   |  1- 3 |  4- 6 |  7- 9 | 10-12 || total
-------------------------+-------+-------+-------+-------++-------
Melee: War axe           |    78 |   125 |   315 |    81 ||   599
       Headbutt          |     9 |    17 |    60 |    18 ||   104
Throw: Dart              |       |     3 |     2 |       ||     5
Invok: Heroism           |       |       |       |     4 ||     4
Evoke: Wand              |       |       |       |     1 ||     1
  Use: Scroll            |       |       |     8 |       ||     8
       Potion            |       |       |       |     1 ||     1
Armor: Scale mail        |    31 |    51 |    65 |       ||   147
       Chain mail        |       |       |    89 |    18 ||   107
Dodge: Dodged            |    30 |    67 |   169 |    24 ||   290
Block: Buckler           |    10 |    31 |    75 |    32 ||   148

Table legend: (Time is in decaauts)
 A = Elapsed time spent in this place.
 B = Non-inter-level travel time spent in this place.
 C = Inter-level travel time spent in this place.
 D = Time resting spent in this place.
 E = Time spent auto-exploring this place.
 F = Levels seen in this place.
 G = Mean time per level.
                   A        B        C        D        E       F      G
               +--------+--------+--------+--------+--------+-----+--------+
         Total |   9719 |   8920 |    799 |    687 |   6522 |  11 |  883.5 |
       Dungeon |   8230 |   7508 |    722 |    354 |   5877 |   8 | 1028.8 |
        Temple |    272 |    196 |     76 |      0 |    179 |   1 |  272.0 |
         Sewer |    801 |    801 |      0 |    270 |    314 |   1 |  801.0 |
        Bailey |    414 |    414 |      0 |     63 |    152 |   1 |  414.0 |
               +--------+--------+--------+--------+--------+-----+--------+

Top non-repeatable levels by time:
     D:6: 1420 daAuts
     D:4: 1406 daAuts
     D:5: 1232 daAuts
     D:7: 1151 daAuts
     D:1: 1069 daAuts
     D:3: 938 daAuts
     D:2: 850 daAuts
   Sewer: 801 daAuts
  Bailey: 414 daAuts
  Temple: 272 daAuts
     D:8: 161 daAuts
